 Dungeon Crawl Stone Soup version 0.31.0-1-g2c135a008e (webtiles) character file.

Game seed: 15523615184948887451

5 qw the Shooter (level 1, -1/18 HPs)
             Began as a Djinni Hunter on Jan 23, 2024.
             Slain by a kobold
             ... wielding a +0 club
              (4 damage)
             ... on level 1 of the Dungeon.
             The game lasted 00:00:00 (29 turns).

qw the Shooter (Djinni Hunter)                        Turns: 29, Time: 00:00:00

Health: -1/18      AC:  3    Str: 10    XL:     1   Next: 88%
Gold:   0          EV: 12    Int: 10    God:
                   SH:  0    Dex: 16

rFire   + + .        a - +0 shortbow
rCold   x . .        (shield currently unavailable)
rNeg    . . .        c - +0 leather armour
rPois   inf          (no helmet)
rElec   .            (no cloak)
rCorr   .            (no gloves)
SInv    .            (boots unavailable)
Will    .....        (no amulet)
Stlth   +            (no ring)
HPRegen 0.23/turn    (no ring)
MPRegen 0.00/turn

%: infuse magic (-2 HP)
@: flying
A: sickness immunity, fire resistance 2, cold vulnerability 1, float, innate
caster, HP casting, extra vitality 1
a: no special abilities


You were on level 1 of the Dungeon.
You visited 1 branch of the dungeon, and saw 1 of its levels.


Innate Abilities, Weirdness & Mutations

You are immune to sickness and miasma.
You are immune to poison.
Your flesh is very heat resistant. (rF++)
You are vulnerable to cold. (rC-)
You float through the air rather than walking.
You learn spells naturally, not from books.
Your magical power is your life essence.
You have superior vitality. (+4 MHP)


   Skills:
 - Level 2.0 Fighting
 + Level 3.5 Ranged Weapons
 - Level 2.1 Dodging
 - Level 0.7 Stealth You didn't know any spells. Your spell library was empty.

Inventory:

Hand Weapons
 a - a +0 shortbow (weapon)
Armour
 c - a +0 leather armour (worn)
Scrolls
 b - a scroll of butterflies

Dungeon Overview and Level Annotations

Branches:
Dungeon (1/15)

Altars:


Message History

Something hits the bush but does no damage.
A kobold comes into view. It is wielding a +0 club.
You shoot an arrow. The arrow barely misses the kobold.
The kobold shouts!
You hear a shout!
Something hits the bush but does no damage.
You shoot an arrow. The arrow closely misses the kobold.
The kobold hits you with a +0 short sword.
The kobold barely misses you.
You shoot an arrow. The arrow hits the kobold.
The kobold is severely wounded.
Something bites the bush but does no damage.
The kobold barely misses you.
You shoot an arrow. The arrow hits the kobold.
You kill the kobold!
You shoot an arrow. The arrow barely misses the kobold.
You shoot an arrow. The arrow barely misses the kobold.
The kobold misses you. The kobold hits you with a +0 club.
You shoot an arrow. The arrow barely misses the kobold.
Something bites the bush but does no damage.
The kobold hits you with a +0 short sword.
The kobold hits you with a +0 club.
You shoot an arrow. The arrow barely misses the kobold.
The ball python hisses angrily.
The kobold closely misses you. The kobold barely misses you.
You shoot an arrow. The arrow closely misses the kobold.
The kobold barely misses you. The kobold hits you with a +0 club.
You shoot an arrow. The arrow barely misses the kobold.
The arrow barely misses the ball python.
The kobold hits you with a +0 short sword.
The kobold closely misses you. x3
You shoot an arrow. The arrow closely misses the kobold.
The arrow closely misses the ball python.
The kobold hits you but does no damage. The kobold hits you with a +0 club.
You shoot an arrow. The arrow hits the ball python.
You kill the ball python!
The kobold hits you but does no damage. The kobold barely misses you.
You shoot an arrow. The arrow misses the kobold.
The kobold closely misses you. The kobold hits you with a +0 club.
You die...

####### #.....#
#..<..#
#..#..#####+#####
#..#..##..%......
#.....'..@K!....P
########.K......P
#...%...PP
.........P
...........
>..%........
#............
#............


You could see 2 kobolds.

Vanquished Creatures
  A ball python (D:1)
  A hobgoblin (D:1)
  A kobold (D:1)
  A frilled lizard (D:1)
  A rat (D:1)
5 creatures vanquished.

Notes
Turn   | Place    | Note
-------+----------+-------------------------------------------
     0 | D:1      | qw the Djinni Hunter began the quest for the Orb.
     0 | D:1      | Reached XP level 1. HP: 18/18 MP: 0/0
     0 | D:1      | 0 ||| qw: Version: 0.3-a-132-g3d54051
     0 | D:1      | 0 ||| qw: Game counter: 592
     0 | D:1      | 0 ||| qw: Melee chars always use a shield: true
     0 | D:1      | 0 ||| qw: God list: Okawaru
     0 | D:1      | 0 ||| qw: Allow faded altars: false
     0 | D:1      | 0 ||| qw: Do Orc after clearing Dungeon:15 true
     0 | D:1      | 0 ||| qw: Do second Lair branch before Depths: true
     0 | D:1      | 0 ||| qw: Lair rune preference: random
     0 | D:1      | 0 ||| qw: Goals: Normal
     0 | D:1      | 0 ||| PLANNING D:1-11
    27 | D:1      | HP: 2/18 [kobold/+0 club (3)]
    29 | D:1      | Slain by a kobold

Levels and vault maps discovered:
D:1:      dpeg_arrival_rooms_b, layout_rooms,
          shapermc_ecumenical_altar_notcrosses, serial_forest,
          infiniplex_forest_end_double, infiniplex_forest_straight_2,
          infiniplex_forest_clump_diagonal, infiniplex_forest_straight_3,
          infiniplex_forest_straight_1, infiniplex_forest_lined_room_3,
          infiniplex_forest_clump_cross, infiniplex_forest_straight_2,
          infiniplex_forest_end_1

Action                     || total
---------------------------++-------
   Fire: Shortbow          ||    21
 Armour: Leather armour    ||    10
  Dodge: Dodged            ||    11

Table legend:
 A = Non-vault XP
 B = Vault XP
 C = Vault XP percentage of total XP
 D = Non-vault monster count
 E = Vault monster count
 F = Vault count percentage of total count
                 A         B        C        D         E       F
            +---------+---------+-------+---------+---------+-------
      Total |       8 |       0 |   0.0 |       5 |       0 |   0.0
            +---------+---------+-------+---------+---------+-------
        D:1 |       8 |       0 |   0.0 |       5 |       0 |   0.0
            +---------+---------+-------+---------+---------+-------
